AoeStats
← HalfHazzard

Fortress

510621504Analyzed
1v1 RM · 2d ago on Oct 1, 2026· 39m 47s· 2 players
Game mode
Random Map
Map size
Small (3 player)
Population
200
Speed
Normal
Resources
Standard
Victory
Conquest
Starting age
Dark Age
Ending age
Imperial Age
RankedLock teamsTeams togetherTeam positionsShared explorationLock speedFull tech treeHidden civsTurbo modeCheats
Victory
Defeat
🇺🇸 Celts · United States
792
+14
🇦🇷 Vietnamese · Argentina
755
-14
Nachitopro19
0:28 Loom
8:43 Feudal Age
9:21 Double-Bit Axe
10:08 Horse Collar
11:25 Town Watch
11:50 Gold Mining
15:01 Castle Age
14:21 Padded Archer Armor
14:11 Fletching
14:32 Forging
14:28 Scale Mail Armor
17:09 Leather Archer Armor
16:50 Bodkin Arrow
17:14 Bow Saw
19:50 Iron Casting
21:29 Stone Mining
23:05 Heavy Plow
23:46 Thumb Ring
23:42 Pikeman
27:42 Fortified Wall
28:25 Ballistics
30:26 Treadmill Crane
31:42 Scale Barding Armor
32:27 Husbandry
34:26 Elite Skirmisher
42:23 Imperial Age
HalfHazzard
7:32 Feudal Age
8:17 Feudal Age
12:14 Castle Age
10:31 Horse Collar
12:44 Double-Bit Axe
12:52 Elite Skirmisher
16:03 Fletching
19:06 Scale Barding Armor
19:33 Arson
22:18 Loom
28:23 Wheelbarrow
28:43 Forging
28:36 Scale Mail Armor
28:32 Bodkin Arrow
28:38 Padded Archer Armor
30:05 Iron Casting
30:31 Hand Cart
30:59 Bow Saw
34:28 Imperial Age
31:46 Town Watch
34:13 Heavy Plow
34:04 Gold Mining
34:04 Stone Mining
34:17 Stronghold
35:00 Elite Woad Raider
36:41 Gold Shaft Mining
36:41 Stone Shaft Mining
35:37 Capped Ram
38:01 Blast Furnace
37:18 Leather Archer Armor
38:02 Furor Celtica
Connection lost

Rejoining the realm…

Still unreachable

The connection could not be restored.

Session expired

The server has moved on; the page needs a fresh start.